Map: Lightshade LE

Players

Neeb

  • Race: Protoss Protoss
  • Spawn Location: 11:00

Astrea - Winner!

  • Race: Protoss Protoss
  • League: Master
  • Spawn Location: 5:00

Event: DreamHack SC2 Masters 2020 Winter

VOD

Have the link to the VOD?

Description

Time

  • Played on: Nov. 7, 2020, 4:51 p.m.
  • Length: 8:36

All games in this series

Show
View Real Time Build Order
Export as new Build Order

Neeb Protoss 

Build Orders: 1 Gate Expand, Phoenix Opening 

Get SALT Encoding   

  12  0:00  Probe  
  13  0:12  Probe  
  14  0:18  Pylon  
  14  0:24  Probe (Chrono Boost)  
  15  0:36  Probe (Chrono Boost)  
  15  0:40  Gateway  
  16  0:45  Probe (Chrono Boost)  
  16  0:46  Assimilator  
  17  0:51  Probe  
  18  1:03  Probe  
  19  1:15  Probe  
  20  1:23  Nexus  
  20  1:33  Cybernetics Core  
  20  1:37  Probe  
  21  1:43  Assimilator  
  21  1:49  Probe  
  21  1:52  Pylon  
  22  2:01  Probe (Chrono Boost)  
  23  2:11  Stargate  
  23  2:12  Probe (Chrono Boost)  
  24  2:17  Stalker (Chrono Boost)  
  24  2:21  Probe  
  27  2:27  Pylon  
  27  2:32  Warp Gate  
  27  2:36  Probe (Chrono Boost)  
  29  2:39  Probe (Chrono Boost)  
  30  2:45  Probe (Chrono Boost)  
  30  2:48  Probe (Chrono Boost)  
  30  2:50  Probe (Chrono Boost)  
  31  2:54  Phoenix  
  31  2:58  Probe  
  34  3:02  Stalker, Probe  
  37  3:07  Shield Battery  
  37  3:10  Probe  
  38  3:15  Probe  
  38  3:18  Phoenix (Chrono Boost)  
  41  3:22  Probe  
  41  3:26  Pylon  
  43  3:34  Probe  
  43  3:35  Phoenix (Chrono Boost)  
  45  3:43  Gateway  
  45  3:45  Gateway  
  45  3:50  Shield Battery  
  45  3:56  Probe x2  
  45  3:58  Void Ray (Chrono Boost)  
  47  4:04  Pylon  
  47  4:08  Probe  
  52  4:10  Probe  
  52  4:16  Pylon  
  53  4:20  Probe  
  53  4:22  Stalker  
  56  4:24  Pylon  
  56  4:25  Probe  
  55  4:37  Probe  
  55  4:38  Stalker, Probe  
  57  4:40  Assimilator  
  57  4:41  Stalker  
  57  4:42  Assimilator  
  61  4:46  Shield Battery  
  61  4:51  Probe  
  60  4:55  Stalker  
  60  4:56  Probe  
  60  4:59  Void Ray (Chrono Boost)  
  61  5:03  Probe  
  60  5:11  Gateway  
  60  5:13  Zealot  
  67  5:14  Gateway  
  67  5:16  Cybernetics Core  
  67  5:18  Zealot  
  64  5:30  Zealot, Void Ray (Chrono Boost)  
  62  5:45  Zealot x2  
  60  6:02  Void Ray (Chrono Boost)  
  60  6:05  Stalker x3  
  68  6:17  Pylon x2  
  68  6:18  Pylon  
  67  6:25  Probe  
  62  6:30  Stalker x2  
  61  6:35  Stalker x2  
  59  6:46  Probe  
  60  6:47  Probe  
  60  6:48  Oracle (Chrono Boost)  
  60  6:53  Sentry  
  60  6:54  Sentry  
  68  6:58  Probe, Sentry  
  68  6:59  Stalker  
  68  7:00  Probe  
  74  7:10  Probe  
  76  7:16  Pylon  
  76  7:18  Forge  
  76  7:20  Twilight Council  
  76  7:25  Stalker x2  
  79  7:32  Pylon  
  79  7:40  Stalker x2  
  80  7:50  Stalker x2  
  84  7:57  Dark Shrine  
  84  8:04  Stalker  
  84  8:05  Stalker  
  88  8:13  Stalker x2  
  84  8:29  Stalker x2  
Show
View Real Time Build Order
Export as new Build Order

Astrea Protoss - Winner!

Build Orders:  

Get SALT Encoding   

  12  0:00  Probe  
  13  0:12  Probe  
  14  0:17  Pylon  
  14  0:24  Probe (Chrono Boost)  
  16  0:36  Gateway, Probe (Chrono Boost)  
  16  0:43  Probe (Chrono Boost)  
  16  0:45  Assimilator  
  17  0:51  Probe  
  17  0:53  Assimilator  
  18  1:03  Probe (Chrono Boost)  
  19  1:06  Gateway  
  19  1:12  Probe (Chrono Boost)  
  19  1:17  Probe (Chrono Boost)  
  20  1:23  Cybernetics Core  
  21  1:29  Probe  
  22  1:34  Pylon  
  22  1:41  Probe  
  23  1:53  Probe  
  24  2:00  Warp Gate (Chrono Boost)  
  28  2:12  Nexus  
  24  2:18  Stalker  
  26  2:26  Stalker  
  28  2:39  Probe  
  28  2:42  Pylon  
  30  2:59  Gateway  
  30  3:00  Stalker x2  
  33  3:09  Shield Battery, Probe  
  33  3:21  Probe  
  33  3:25  Probe  
  35  3:33  Probe  
  36  3:37  Probe  
  37  3:43  Stalker x2  
  37  3:45  Probe  
  42  3:53  Stalker  
  45  3:56  Pylon  
  45  4:02  Stalker, Sentry  
  46  4:06  Probe  
  46  4:07  Probe  
  50  4:16  Pylon  
  50  4:18  Sentry  
  50  4:20  Probe x2  
  50  4:23  Stalker  
  56  4:32  Probe  
  56  4:34  Stalker  
  56  4:35  Probe  
  56  4:42  Stalker  
  56  4:44  Probe  
  59  4:47  Probe  
  56  4:56  Probe  
  56  4:59  Probe  
  54  5:03  Stalker x2  
  54  5:05  Stalker  
  60  5:08  Probe  
  60  5:10  Twilight Council  
  60  5:11  Probe  
  62  5:18  Pylon  
  62  5:20  Probe  
  63  5:26  Probe  
  64  5:29  Stalker x3  
  70  5:36  Probe  
  70  5:38  Probe  
  72  5:45  Blink (Chrono Boost)  
  72  5:48  Probe  
  71  5:50  Probe  
  71  5:55  Zealot x3  
  78  5:58  Assimilator  
  78  5:59  Assimilator  
  78  6:07  Pylon  
  78  6:22  Probe x2  
  78  6:24  Stalker  
  76  6:28  Zealot x2  
  76  6:34  Nexus, Probe x2  
  72  6:46  Probe x2  
  68  6:53  Stalker x3  
  74  6:57  Forge  
  74  6:58  Gateway, Probe x2  
  76  7:10  Gateway, Probe x2  
  76  7:12  Gateway  
  78  7:15  Robotics Facility  
  78  7:17  Sentry x3  
  78  7:22  Shield Battery  
  84  7:23  Probe  
  84  7:27  Pylon  
  85  7:30  Pylon  
  85  7:35  Probe  
  86  7:45  Probe  
  86  7:47  Stalker x2  
  86  7:48  Stalker  
  86  7:50  Probe  
  94  7:52  Probe  
  94  7:54  Assimilator  
  95  8:00  Pylon  
  95  8:03  Observer (Chrono Boost)  
  95  8:05  Stalker x2  
  100  8:06  Stalker  
  100  8:10  Zealot  
  100  8:11  Zealot x2  
  108  8:16  Pylon  
  108  8:17  Pylon  
  100  8:29  Stalker x3  
Tags
 
Add a new tag
Caveats
  • Supply blocks, unpowered buildings, or Contaminate may cause inaccurate times.
  • Supply counts are checked every 10 seconds.